[Event "ICC tourney 2133 (75 10)"]
[Site "Internet Chess Club"]
[Date "2020.11.14"]
[Round "3"]
[White "IndianTerritory"]
[Black "analyst1"]
[Result "1/2-1/2"]
[ICCResult "Game drawn by mutual agreement"]
[WhiteElo "2144"]
[BlackElo "2346"]
[Opening "Sicilian: accelerated fianchetto, Maróczy bind, 6.Be3"]
[ECO "B38"]
[NIC "SI.33"]
[Time "17:01:31"]
[TimeControl "4500+10"]

1. e4 c5 2. Nf3 g6 3. d4 cxd4 4. Nxd4 Nc6 5. c4 Bg7 6. Be3 Nf6 7. Nc3 O-O 8.
Be2 d6 9. O-O Bd7 10. Qd2 Nxd4 11. Bxd4 Bc6 12. f3 a5 13. b3 Nd7 14. Be3 Nc5
15. Rab1 Qb6 16. Nd5 Bxd5 17. cxd5 Qb4 18. a4 Bc3 19. Qd1 Rac8 20. Bb5 Rc7
21. Rf2 f5 22. exf5 Rxf5 23. Rc2 Re5 24. Bf2 Nxb3
{Game drawn by mutual agreement}
1/2-1/2

[Event "ICC tourney 2133 (75 10)"]
[Site "Internet Chess Club"]
[Date "2020.11.14"]
[Round "3"]
[White "Drachekokosnuss"]
[Black "RagingKnightNC"]
[Result "1/2-1/2"]
[ICCResult "Game drawn by mutual agreement"]
[WhiteElo "2059"]
[BlackElo "2124"]
[Opening "French: exchange variation"]
[ECO "C01"]
[NIC "FR.01"]
[Time "17:02:17"]
[TimeControl "4500+10"]

1. e4 e6 2. d4 d5 3. exd5 exd5 4. Nf3 Nf6 5. Bd3 Bd6 6. O-O O-O 7. h3 h6 8.
Nc3 Nc6 9. Nb5 Nb4 10. Nxd6 Qxd6 11. Ne5 Nxd3 12. Qxd3 Ne4 13. f3 Ng3 14.
Re1 Bf5 15. Qc3 f6 16. Nd3 Bxd3 17. Qxd3 Rae8 18. Bd2 f5 19. a3 Nh5 20. Rxe8
Rxe8 21. Qxf5 Qg3 22. Kf1 {Game drawn by mutual agreement} 1/2-1/2

[Event "ICC tourney 2133 (75 10)"]
[Site "Internet Chess Club"]
[Date "2020.11.14"]
[Round "3"]
[White "GutsyEdge"]
[Black "jy2020"]
[Result "0-1"]
[ICCResult "White resigns"]
[WhiteElo "2039"]
[BlackElo "2225"]
[Opening "Queen's pawn game"]
[ECO "E10"]
[NIC "QI.01"]
[Time "17:01:19"]
[TimeControl "4500+10"]

1. d4 Nf6 2. c4 e6 3. Nf3 d5 4. g3 dxc4 5. Qa4+ Bd7 6. Qxc4 Bd6 7. Bg2 Nc6
8. O-O a6 9. Qd3 O-O 10. a3 Qe7 11. Nc3 Rad8 12. Bg5 h6 13. Bxf6 Qxf6 14. e4
e5 15. Nd5 Qe6 16. Rfe1 exd4 17. Nxd4 Nxd4 18. Qxd4 Be5 19. Qe3 c6 20. Nf4
Qe7 21. Nd3 Bc7 22. Rad1 Bc8 23. h4 Rfe8 24. Nf4 a5 25. Kh2 Be5 26. Rxd8
Rxd8 27. Re2 a4 28. Rd2 Qf6 29. Rxd8+ Qxd8 30. Qc1 Qd4 31. Qc2 Bxf4 32. gxf4
Be6 33. f5 Bb3 34. Qe2 Bc4 35. Qc2 Bd3 36. Qd2 c5 37. Kg3 b5 38. Qe3 Qxe3+
39. fxe3 b4 40. Kf2 c4 41. Ke1 c3 {White resigns} 0-1

[Event "ICC tourney 2133 (75 10)"]
[Site "Internet Chess Club"]
[Date "2020.11.14"]
[Round "3"]
[White "Frolik67"]
[Black "hollyelf"]
[Result "1-0"]
[ICCResult "Black resigns"]
[WhiteElo "2237"]
[BlackElo "2069"]
[Opening "Two knights defense (Modern bishop's opening)"]
[ECO "C55"]
[NIC "IG.01"]
[Time "17:01:28"]
[TimeControl "4500+10"]

1. e4 e5 2. Nf3 Nc6 3. Bc4 Nf6 4. d3 h6 5. c3 d6 6. Bb3 g5 7. h3 Be6 8. Bc2
Qd7 9. b4 g4 10. hxg4 Bxg4 11. Nbd2 O-O-O 12. b5 Ne7 13. c4 Ng6 14. Nf1 Nf4
15. Bxf4 exf4 16. Qd2 Nh5 17. Qa5 Kb8 18. Rxh5 Bg7 19. d4 b6 20. Qd2 Bxh5
21. N1h2 c5 22. Qxf4 Bxf3 23. Nxf3 Bxd4 24. Nxd4 cxd4 25. a4 Qc7 26. Bd3 d5
27. Qxc7+ Kxc7 28. cxd5 Kd6 29. Rc1 Rhe8 30. Rc6+ Ke7 31. Rxh6 f5 32. Re6+
Kf7 33. exf5 Rxd5 34. Rxe8 Kxe8 35. f4 Rc5 36. g4 Kf7 37. g5 Rc3 38. Kd2 Kg7
39. f6+ Kf7 40. f5 Rc5 41. Bb1 Kf8 42. g6 Rc8 43. Ba2 Rc7 44. Kd3 Rd7 45.
Be6 Rc7 46. Kxd4 a5 47. g7+ Rxg7 48. fxg7+ Kxg7 49. Kd5 Kf6 50. Kc6 Ke7 51.
Kxb6 Kd6 52. Kxa5 Kc5 53. b6 Kc6 54. Ka6 {Black resigns} 1-0

[Event "ICC tourney 2133 (75 10)"]
[Site "Internet Chess Club"]
[Date "2020.11.14"]
[Round "3"]
[White "jsl1996"]
[Black "arsenicblast"]
[Result "1-0"]
[ICCResult "Black resigns"]
[WhiteElo "2647"]
[BlackElo "2021"]
[Opening "QGD Slav defense: exchange variation"]
[ECO "D10"]
[NIC "SL.01"]
[Time "17:01:26"]
[TimeControl "4500+10"]

1. d4 d5 2. c4 c6 3. cxd5 cxd5 4. Bf4 Nf6 5. e3 Nc6 6. Nc3 Bf5 7. Qb3 Qb6 8.
Qxb6 axb6 9. Bc7 Nb4 10. Rc1 Nd3+ 11. Bxd3 Bxd3 12. Bxb6 e6 13. Nf3 Nd7 14.
Bc7 f6 15. Kd2 Ba6 16. a3 Rc8 17. Ba5 Kf7 18. Bb4 Nb6 19. b3 Nd7 20. Bxf8
Rhxf8 21. Na2 b6 22. Nb4 Bb7 23. a4 e5 24. Rxc8 Rxc8 25. Rc1 Rxc1 26. Kxc1
Ke6 27. Kd2 g5 28. dxe5 g4 29. Nd4+ Kxe5 30. Nd3+ Kd6 31. Nf5+ Ke6 32. Nd4+
Kd6 33. b4 Ne5 34. Kc3 h5 35. Nf4 Nf7 36. Nxh5 Ke5 37. f4+ gxf3 38. gxf3 f5
39. f4+ Kd6 40. Nxf5+ Ke6 41. Nd4+ Kd6 42. h4 Bc8 43. Ng3 Nh6 44. Nb5+ Ke7
45. Kd4 Ng4 46. Nc3 Be6 47. Nxd5+ Bxd5 48. Kxd5 Nxe3+ 49. Kc6 Nc2 50. Kb5
Kd6 51. h5 Ke6 52. h6 Kf6 53. f5 Kf7 54. Ne4 Nd4+ 55. Kxb6 Nxf5 56. a5 Nxh6
57. a6 {Black resigns} 1-0

[Event "ICC tourney 2133 (75 10)"]
[Site "Internet Chess Club"]
[Date "2020.11.14"]
[Round "3"]
[White "AlexW2007"]
[Black "lmperatorX"]
[Result "1/2-1/2"]
[ICCResult "Game drawn by mutual agreement"]
[WhiteElo "2120"]
[BlackElo "2114"]
[Opening "QGD: exchange, positional line, 5...c6"]
[ECO "D35"]
[NIC "QO.16"]
[Time "17:01:28"]
[TimeControl "4500+10"]

1. d4 d5 2. c4 e6 3. Nc3 Nf6 4. cxd5 exd5 5. Bg5 c6 6. e3 Bd6 7. Bd3 O-O 8.
Qc2 h6 9. Bh4 Re8 10. Nge2 a5 11. Bg3 Na6 12. a3 Nc7 13. O-O b5 14. Rfe1 Ne6
15. Rad1 Qc7 16. Bf5 Bd7 17. Bxe6 Rxe6 18. Nxb5 cxb5 19. Qxc7 Bxc7 20. Bxc7
b4 21. Nf4 Rc6 22. Rc1 Rxc1 23. Rxc1 Rc8 24. Rc5 g5 25. Nd3 Ne4 26. Rc1 Bb5
27. Be5 {Game drawn by mutual agreement} 1/2-1/2

[Event "ICC tourney 2133 (75 10)"]
[Site "Internet Chess Club"]
[Date "2020.11.14"]
[Round "3"]
[White "yangjunboy7"]
[Black "PawnEatingZombi"]
[Result "0-1"]
[ICCResult "White resigns"]
[WhiteElo "1969"]
[BlackElo "2220"]
[Opening "QGD: 3.Nc3"]
[ECO "D31"]
[NIC "QP.08"]
[Time "17:01:27"]
[TimeControl "4500+10"]

1. d4 d5 2. c4 e6 3. Nc3 Bb4 4. Qa4+ Nc6 5. e3 Nf6 6. Nf3 O-O 7. Bd3 dxc4 8.
Bxc4 a6 9. O-O Bd6 10. Qc2 Qe7 11. e4 e5 12. d5 Nd4 13. Qd3 b5 14. Bb3 Nxf3+
15. Qxf3 h6 16. h3 Bd7 17. Be3 Rfb8 18. Rac1 a5 19. Bc2 Nh7 20. Qg3 Kh8 21.
f4 Nf6 22. f5 c6 23. dxc6 Bxc6 24. Qh4 Bc5 25. Bxc5 Qxc5+ 26. Kh1 Qb4 27.
Rb1 Rd8 28. Rf2 Rd4 29. a3 Qc4 30. Re1 Rad8 31. Rfe2 b4 32. axb4 axb4 33.
Nd1 b3 34. Ne3 Qb5 35. Bb1 Bxe4 36. Bxe4 Rxe4 37. Qf2 Rf4 38. Qg1 Rfd4 39.
g4 Rd2 40. Qg2 Rxe2 41. Rxe2 Qd3 42. h4 Rd4 43. Kg1 h5 44. g5 Ng4 45. Nf1
Qxf5 {White resigns} 0-1

[Event "ICC tourney 2133 (75 10)"]
[Site "Internet Chess Club"]
[Date "2020.11.14"]
[Round "3"]
[White "MrNormalName"]
[Black "espark"]
[Result "0-1"]
[ICCResult "White checkmated"]
[WhiteElo "2167"]
[BlackElo "2336"]
[Opening "Queen's Indian accelerated"]
[ECO "A50"]
[NIC "QP.07"]
[Time "17:02:17"]
[TimeControl "4500+10"]

1. d4 Nf6 2. c4 b6 3. f3 Nc6 4. d5 Ne5 5. e4 e6 6. Bf4 Ng6 7. Be3 Bb7 8. Ne2
exd5 9. cxd5 c6 10. Nbc3 cxd5 11. exd5 Bb4 12. Kf2 O-O 13. Qb3 Qe7 14. Ng3
Bc5 15. Nf5 Qe5 16. Bxc5 bxc5 17. Ne3 Rae8 18. Re1 Ng4+ 19. fxg4 Qf4+ 20.
Kg1 Rxe3 21. Be2 Ba6 22. g3 Rxg3+ 23. hxg3 Qxg3+ 24. Kf1 Nf4 25. Rh2 Qxh2
26. Rd1 Bxe2+ 27. Nxe2 Qxe2+ 28. Kg1 Qg2# {White checkmated} 0-1

[Event "ICC tourney 2133 (75 10)"]
[Site "Internet Chess Club"]
[Date "2020.11.14"]
[Round "3"]
[White "pianopro32"]
[Black "Slivovitz"]
[Result "1-0"]
[ICCResult "Black resigns"]
[WhiteElo "2058"]
[BlackElo "2075"]
[Opening "French: Two knights variation"]
[ECO "C00"]
[NIC "FR.01"]
[Time "17:01:30"]
[TimeControl "4500+10"]

1. e4 e6 2. Nf3 d5 3. Nc3 dxe4 4. Nxe4 Nd7 5. g3 Ngf6 6. Nxf6+ Nxf6 7. Bg2
Bd6 8. d4 O-O 9. O-O c5 10. b3 cxd4 11. Qxd4 Qc7 12. Rd1 Bc5 13. Qh4 e5 14.
Bb2 Re8 15. Bxe5 Rxe5 16. Nxe5 Qxe5 17. Rd8+ Bf8 18. Rad1 Bg4 19. Rxa8 Bxd1
20. Qb4 Nd7 21. Bh3 f5 22. Qd2 Nb6 23. Rxf8+ Kxf8 24. Qxd1 g6 25. Bg2 Qc7
26. c4 Nd7 27. Qd4 Ke8 28. Qxa7 Nc5 29. Qa8+ Kf7 30. Qh8 Ke6 31. Bd5+ Kd6
32. Qf6+ {Black resigns} 1-0

[Event "ICC tourney 2133 (75 10)"]
[Site "Internet Chess Club"]
[Date "2020.11.14"]
[Round "3"]
[White "TjkTiger"]
[Black "Openyagami"]
[Result "0-1"]
[ICCResult "White resigns"]
[WhiteElo "2588"]
[BlackElo "2610"]
[Opening "English opening"]
[ECO "A10"]
[NIC "EO.64"]
[Time "17:02:17"]
[TimeControl "4500+10"]

1. c4 g6 2. Nc3 Bg7 3. d4 c5 4. d5 d6 5. e4 e6 6. Bd3 Ne7 7. Bf4 O-O 8. Qd2
a6 9. h4 exd5 10. exd5 b5 11. cxb5 axb5 12. Bxb5 Nf5 13. Nge2 Nd7 14. Bg5
Qb6 15. Bd3 Ne5 16. Bxf5 Bxf5 17. O-O Nc4 18. Qf4 Nxb2 19. Bh6 Be5 20. Qf3
Rfe8 21. Ng3 Bd3 22. Nce4 f5 23. Ng5 Qb4 24. Ne6 Bxf1 25. Rxf1 Ra3 26. Qe2
Qc4 27. Qd2 Qxh4 28. Bg5 Qb4 29. Qc2 Qc4 30. Nxf5 gxf5 31. Qxf5 Qxd5 32. Nf4
Qf7 33. Qg4 Bxf4 34. Bxf4+ Qg6 35. Qd7 Nc4 36. Rd1 Ne5 37. Bxe5 Rxe5 38. f4
Rxa2 39. Qb7 Ree2 40. Qb8+ Kg7 {White resigns} 0-1

[Event "ICC tourney 2133 (75 10)"]
[Site "Internet Chess Club"]
[Date "2020.11.14"]
[Round "3"]
[White "e4f5"]
[Black "GeorgeDai"]
[Result "1-0"]
[ICCResult "Black resigns"]
[WhiteElo "2236"]
[BlackElo "2031"]
[Opening "Caro-Kann: Steinitz variation"]
[ECO "B17"]
[NIC "CK.08"]
[Time "17:01:32"]
[TimeControl "4500+10"]

1. e4 c6 2. d4 d5 3. Nd2 dxe4 4. Nxe4 Nd7 5. Nf3 Ngf6 6. Ng3 e6 7. Bd3 Bd6
8. O-O Qc7 9. Re1 O-O 10. b3 b6 11. Qe2 Bb7 12. Bb2 c5 13. Rad1 Rfd8 14. Ne4
Nxe4 15. Bxe4 Bxe4 16. Qxe4 Nf6 17. Qe2 cxd4 18. Bxd4 Nd5 19. c4 Nf4 20. Qe4
Ng6 21. g3 Bc5 22. h4 Nf8 23. Bxc5 Qxc5 24. Ne5 Rac8 25. Kg2 Ng6 26. Nf3 h6
27. Qb7 Rxd1 28. Rxd1 Rc7 29. Rd8+ Kh7 30. Qb8 Ne7 31. b4 Qxc4 32. Rh8+
{Black resigns}
1-0

[Event "ICC tourney 2133 (75 10)"]
[Site "Internet Chess Club"]
[Date "2020.11.14"]
[Round "3"]
[White "HansNiemann"]
[Black "Visam"]
[Result "1-0"]
[ICCResult "Black resigns"]
[WhiteElo "2617"]
[BlackElo "2591"]
[Opening "English opening"]
[ECO "A05"]
[NIC "EO.52"]
[Time "17:01:46"]
[TimeControl "4500+10"]

1. Nf3 Nf6 2. c4 g6 3. Nc3 d5 4. cxd5 Nxd5 5. h4 Bg7 6. e4 Nxc3 7. dxc3
Qxd1+ 8. Kxd1 Nc6 9. h5 Bg4 10. h6 Bf6 11. Kc2 O-O-O 12. Be3 a6 13. Nd2 e5
14. Bc4 Rhf8 15. b4 Be7 16. a4 Rd6 17. Bd5 Be6 18. Bc5 Rd7 19. Bxe6 fxe6 20.
Bxe7 Rxe7 21. Nf3 Nd8 22. Kd3 Nf7 23. Ke3 Rd7 24. Rad1 Rxd1 25. Rxd1 g5 26.
Rh1 Rg8 27. Ne1 Kd7 28. Nd3 Ke7 29. Rb1 Kf6 30. Nc5 Nd6 31. Nd7+ Kg6 32.
Nxe5+ Kxh6 33. c4 Kg7 34. c5 Nf7 35. Nxf7 Kxf7 36. Rd1 Kf6 37. Rd7 Rg7 38.
e5+ Kg6 39. c6 b6 40. f4 h6 41. Ke4 Rf7 42. f5+ Rxf5 43. Rxc7 Rf4+ 44. Kd3
b5 45. Ra7 Rxb4 46. Rxa6 Rb3+ 47. Kd4 b4 48. Rb6 Rb1 49. a5 b3 50. a6 b2 51.
c7 Rd1+ 52. Ke3 Re1+ 53. Kd2 Rc1 54. a7 {Black resigns} 1-0

[Event "ICC tourney 2133 (75 10)"]
[Site "Internet Chess Club"]
[Date "2020.11.14"]
[Round "3"]
[White "Aleksandrov73"]
[Black "Enamul"]
[Result "0-1"]
[ICCResult "White resigns"]
[WhiteElo "2611"]
[BlackElo "2499"]
[Opening "QGD semi-Slav: Meran variation"]
[ECO "D47"]
[NIC "SL.09"]
[Time "17:01:25"]
[TimeControl "4500+10"]

1. d4 d5 2. c4 c6 3. Nc3 Nf6 4. e3 e6 5. Nf3 Nbd7 6. Bd3 dxc4 7. Bxc4 b5 8.
Bd3 Bd6 9. O-O O-O 10. Bd2 Bb7 11. Rc1 Qe7 12. Ng5 Rac8 13. a3 h6 14. Nge4
Nxe4 15. Nxe4 c5 16. Nxd6 Qxd6 17. Bxb5 cxd4 18. Qa4 dxe3 19. Bxe3 Nf6 20.
Rcd1 Qe5 21. Rfe1 Rfd8 22. Bd4 Qg5 23. Bf1 Qf4 24. h3 a5 25. Qb5 Rxd4 26.
Rxd4 Qxd4 27. Qxb7 Rc2 28. Qa8+ Kh7 29. Qf3 Rxb2 30. Rd1 Qe5 31. Rd8 g6 32.
g3 Kg7 33. Ra8 Qe1 34. Ra7 Rb1 35. Qd3 Rd1 36. Qb5 Nd5 37. Rd7 g5 38. Qb2+
Nf6 39. Rxd1 Qxd1 40. Kg2 Qd5+ 41. Kh2 Qc5 42. a4 h5 43. Bb5 h4 44. gxh4
gxh4 45. Kg1 Qg5+ 46. Kf1 Qf5 47. Qc3 e5 48. Qd3 Qxd3+ 49. Bxd3 Nd5 50. Ke1
Nf4 51. Bf1 Kf6 52. Kd2 Ke6 53. Kc3 Kd5 54. Bc4+ Ke4 55. Bxf7 Nxh3 56. Kd2
Nxf2 57. Ke2 Ng4 58. Be6 Kf4 {White resigns} 0-1

[Event "ICC tourney 2133 (75 10)"]
[Site "Internet Chess Club"]
[Date "2020.11.14"]
[Round "3"]
[White "JasonModer"]
[Black "helavir"]
[Result "1/2-1/2"]
[ICCResult "Game drawn by mutual agreement"]
[WhiteElo "2515"]
[BlackElo "2628"]
[Opening "QGD Slav: 4.e3 Bf5"]
[ECO "D12"]
[NIC "SL.01"]
[Time "17:02:17"]
[TimeControl "4500+10"]

1. d4 d5 2. c4 c6 3. Nf3 Nf6 4. e3 Bf5 5. Qb3 Qc7 6. cxd5 cxd5 7. Nc3 e6 8.
Bd2 Nc6 9. Be2 a6 10. O-O Bd6 11. Rfc1 O-O 12. Na4 Ne4 13. Bb4 Bxb4 14. Qxb4
Bg4 15. Qb6 Rac8 16. Qxc7 Rxc7 17. h3 Bxf3 18. gxf3 Nf6 19. Nb6 Nd7 20. Nxd7
Rxd7 21. f4 Ne7 22. Rc3 Rc8 23. Rac1 Rxc3 24. Rxc3 Kf8 25. b4 Ke8 26. b5 a5
27. Ra3 b6 28. Rc3 Kd8 29. a4 Rc7 30. Rxc7 Kxc7 31. Bd3 h6 32. Kg2 Kd6 33.
f3 f6 34. Kg3 e5 35. f5 Nc8 36. Kg4 Ke7 37. Kh5 Kf7 38. dxe5 fxe5 39. e4 d4
40. f4 Kf6 41. fxe5+ Kxe5 42. Kg6 Nd6 43. Kxg7 Nxe4 44. Bxe4 Kxe4 45. f6 d3
46. f7 d2 47. f8=Q d1=Q 48. Qe8+ Kf4 49. Qf7+ {Game drawn by mutual
agreement} 1/2-1/2

[Event "ICC tourney 2133 (75 10)"]
[Site "Internet Chess Club"]
[Date "2020.11.15"]
[Round "4"]
[White "lmperatorX"]
[Black "Drachekokosnuss"]
[Result "1-0"]
[ICCResult "Black resigns"]
[WhiteElo "2125"]
[BlackElo "2071"]
[Opening "Two knights defense (Modern bishop's opening)"]
[ECO "C55"]
[NIC "IG.01"]
[Time "10:02:02"]
[TimeControl "4500+10"]

1. e4 e5 2. Nf3 Nc6 3. Bc4 Nf6 4. d3 Be7 5. O-O O-O 6. Re1 d6 7. a4 h6 8. c3
Be6 9. Nbd2 Na5 10. Bxe6 fxe6 11. d4 exd4 12. Nxd4 Qd7 13. e5 dxe5 14. Rxe5
Nc6 15. Nxc6 Qxc6 16. Qb3 Bd6 17. Rxe6 Kh8 18. Nf3 Ng4 19. h3 Rae8 20. Rxe8
{Black resigns}
1-0

[Event "ICC tourney 2133 (75 10)"]
[Site "Internet Chess Club"]
[Date "2020.11.15"]
[Round "4"]
[White "GutsyEdge"]
[Black "IndianTerritory"]
[Result "0-1"]
[ICCResult "White resigns"]
[WhiteElo "2020"]
[BlackElo "2141"]
[Opening "QGD Slav: exchange, Trifunovic variation"]
[ECO "D14"]
[NIC "SL.02"]
[Time "10:01:57"]
[TimeControl "4500+10"]

1. d4 c6 2. c4 d5 3. cxd5 cxd5 4. Nf3 Nf6 5. Nc3 Nc6 6. Bf4 Bf5 7. e3 e6 8.
Qb3 Bb4 9. Ne5 Bxc3+ 10. bxc3 Nxe5 11. Bxe5 O-O 12. Bxf6 Qxf6 13. Be2 h5 14.
O-O h4 15. Rac1 h3 16. g3 b5 17. f3 Rfb8 18. e4 Qh6 19. Rce1 dxe4 20. fxe4
Bxe4 21. Bg4 Bd5 22. Qc2 Rc8 23. Qf2 Rc7 24. Re3 Rac8 25. Bf3 Bxa2 26. Re5
Bc4 27. Rfe1 Qf6 28. R1e4 Bd3 29. Rf4 Qe7 30. Bg4 Rxc3 31. Bxh3 Rc1+ 32. Re1
Qa3 33. Kg2 {White resigns} 0-1

[Event "ICC tourney 2133 (75 10)"]
[Site "Internet Chess Club"]
[Date "2020.11.15"]
[Round "4"]
[White "PawnEatingZombi"]
[Black "Aleksandrov73"]
[Result "0-1"]
[ICCResult "White resigns"]
[WhiteElo "2216"]
[BlackElo "2637"]
[Opening "Nimzo-Indian: classical variation"]
[ECO "E32"]
[NIC "NI.24"]
[Time "10:01:53"]
[TimeControl "4500+10"]

1. d4 Nf6 2. c4 e6 3. Nc3 Bb4 4. Qc2 O-O 5. e4 d5 6. e5 Ne4 7. Bd3 c5 8. Nf3
cxd4 9. Nxd4 Nd7 10. Bf4 Ndc5 11. O-O Bxc3 12. bxc3 Nxd3 13. Qxd3 b6 14.
cxd5 Qxd5 15. Rfd1 Bb7 16. f3 Nc5 17. Qe3 Rfd8 18. h4 Na4 19. h5 Qc5 20. h6
Nxc3 21. Kh2 Nxd1 22. Rxd1 Rd5 23. Bg3 Rad8 24. Qg5 Qf8 25. Qg4 g6 26. Qh4
R8d7 27. Qf4 b5 28. Bf2 b4 29. Be3 Qb8 {White resigns} 0-1

[Event "ICC tourney 2133 (75 10)"]
[Site "Internet Chess Club"]
[Date "2020.11.15"]
[Round "4"]
[White "hollyelf"]
[Black "AlexW2007"]
[Result "1-0"]
[ICCResult "Black resigns"]
[WhiteElo "2083"]
[BlackElo "2098"]
[Opening "Sicilian: Najdorf, Adams attack"]
[ECO "B90"]
[NIC "SI.14"]
[Time "10:01:52"]
[TimeControl "4500+10"]

1. e4 c5 2. Nf3 d6 3. d4 cxd4 4. Nxd4 Nf6 5. Nc3 a6 6. h3 b5 7. g4 Bb7 8.
Bg2 e6 9. g5 Nfd7 10. h4 b4 11. Nce2 Nc5 12. Ng3 Nbd7 13. a3 a5 14. axb4
axb4 15. Rxa8 Qxa8 16. Nb5 Qb8 17. c4 Ba6 18. O-O Bxb5 19. cxb5 Qxb5 20. Re1
Qd3 21. Bd2 Qd4 22. Qc2 Be7 23. Ra1 O-O 24. Ne2 Qd3 25. Qxd3 Nxd3 26. Ra7
N3c5 27. Bxb4 Re8 28. Ba5 Ne5 29. Nd4 h6 30. f4 Nc4 31. b4 Nd3 32. Bf1 Ncb2
33. Nc6 Kf8 34. b5 d5 35. Nxe7 Rxe7 36. b6 {Black resigns} 1-0

[Event "ICC tourney 2133 (75 10)"]
[Site "Internet Chess Club"]
[Date "2020.11.15"]
[Round "4"]
[White "arsenicblast"]
[Black "TjkTiger"]
[Result "0-1"]
[ICCResult "White checkmated"]
[WhiteElo "2008"]
[BlackElo "2606"]
[Opening "Sicilian: accelerated fianchetto, modern variation with Bc4"]
[ECO "B35"]
[NIC "SI.43"]
[Time "10:02:45"]
[TimeControl "4500+10"]

1. e4 c5 2. Nf3 g6 3. d4 cxd4 4. Nxd4 Bg7 5. Nc3 Nc6 6. Be3 Nf6 7. Bc4 O-O
8. Bb3 Re8 9. f3 e6 10. O-O d5 11. exd5 Nxd5 12. Nxd5 exd5 13. Bf2 Qg5 14.
Kh1 Qh5 15. Nxc6 bxc6 16. Bd4 Bh6 17. Re1 Ba6 18. c3 Bf4 19. Bg1 Qh4 20. Bc2
Rab8 21. Rxe8+ Rxe8 22. Bd3 Bxd3 23. Qxd3 Re5 24. Qd4 Re2 25. b4 Qg5 26. g3
Bxg3 27. hxg3 Qh5+ 28. Qh4 Qxf3# {White checkmated} 0-1

[Event "ICC tourney 2133 (75 10)"]
[Site "Internet Chess Club"]
[Date "2020.11.15"]
[Round "4"]
[White "espark"]
[Black "jsl1996"]
[Result "1/2-1/2"]
[ICCResult "White stalemated"]
[WhiteElo "2339"]
[BlackElo "2653"]
[Opening "Sicilian: Richter-Rauzer, Rauzer attack, 7...a6 defense, 9...Be7"]
[ECO "B68"]
[NIC "SI.30"]
[Time "10:01:51"]
[TimeControl "4500+10"]

1. e4 c5 2. Nf3 d6 3. d4 cxd4 4. Nxd4 Nf6 5. Nc3 Nc6 6. Bg5 Bd7 7. Qd2 a6 8.
O-O-O e6 9. f4 Be7 10. Nxc6 Bxc6 11. Qe1 Qc7 12. Bxf6 Bxf6 13. Nd5 Bxd5 14.
exd5 e5 15. g4 g6 16. g5 Bg7 17. f5 gxf5 18. Bh3 Qe7 19. Rg1 f4 20. Bf5 e4
21. Qxe4 Qxe4 22. Bxe4 Be5 23. Bf5 b5 24. h4 Ra7 25. Rd3 Ke7 26. h5 a5 27.
h6 Rc7 28. Rg2 Rc4 29. b3 Rc5 30. a3 b4 31. a4 Rc3 32. Rxc3 Bxc3 33. Kd1 f3
34. Rf2 Re8 35. Rxf3 Kf8 36. Rf1 Kg8 37. Bg4 Re5 38. Bf5 Rxd5+ 39. Ke2 Re5+
40. Kd3 d5 41. Rf3 Bb2 42. Kd2 Bd4 43. Kd3 Bc5 44. Bd7 Rxg5 45. Be8 Kf8 46.
Bxf7 Ke7 47. c4 bxc3 48. Kxc3 Kd7 49. Kd3 Bb6 50. Kc3 Bc5 51. Kd3 Kd6 52.
Be8 Ke7 53. Bf7 Rg4 54. Kc3 Bd4+ 55. Kc2 Rg5 56. Rd3 Rg2+ 57. Kd1 Kxf7 58.
Rxd4 Ke6 59. b4 Ke5 60. Rh4 axb4 61. Rxb4 Rg6 62. Rh4 d4 63. a5 Kd5 64. Rh3
Ke4 65. Rh4+ Kd3 66. Rh3+ Kc4 67. Ra3 Kb4 68. Rd3 Kc5 69. Ra3 Kb5 70. a6
Rxa6 71. Rxa6 Kxa6 72. Kd2 Kb5 73. Kd3 Kc5 74. Kd2 Kd6 75. Kd3 Ke5 76. Kd2
Ke4 77. Ke2 d3+ 78. Kd2 Kd4 79. Kd1 Ke3 80. Ke1 d2+ 81. Kd1 Kd3
{White stalemated}
1/2-1/2

[Event "ICC tourney 2133 (75 10)"]
[Site "Internet Chess Club"]
[Date "2020.11.15"]
[Round "4"]
[White "RagingKnightNC"]
[Black "Slivovitz"]
[Result "1/2-1/2"]
[ICCResult "Game drawn by repetition"]
[WhiteElo "2140"]
[BlackElo "2089"]
[Opening "French: Tarrasch, open variation"]
[ECO "C07"]
[NIC "FR.18"]
[Time "10:01:51"]
[TimeControl "4500+10"]

1. e4 e6 2. d4 d5 3. Nd2 c5 4. c3 cxd4 5. cxd4 dxe4 6. Nxe4 Nc6 7. Nf3 Bb4+
8. Bd2 Bxd2+ 9. Qxd2 Nf6 10. Bd3 Nxe4 11. Bxe4 Qd6 12. O-O Bd7 13. d5 exd5
14. Bxd5 O-O-O 15. Bxf7 Qf6 16. Bb3 Bg4 17. Qg5 Bxf3 18. Qxf6 gxf6 19. gxf3
Nd4 20. Rfd1 Nxf3+ 21. Kg2 Nd4 22. Rac1+ Kb8 23. Rc3 Nxb3 24. Rxd8+ Rxd8 25.
Rxb3 Rd2 26. Kf3 Kc7 27. Ke3 Rd1 28. Ke4 Rd2 29. Ke3 Rd1 30. h3 b6 31. Rd3
Rxd3+ 32. Kxd3 Kd6 33. Kd4 a6 34. h4 Kc6 35. Ke4 Kd6 36. Kf5 Ke7 37. a4 Kf7
38. h5 Ke7 39. b3 Kf7 40. b4 Ke7 41. b5 axb5 42. axb5 Kf7 43. Ke4 Ke6 44. f3
Kd6 45. f4 Ke6 46. h6 f5+ 47. Kd4 Kd6 48. Kc4 Ke6 49. Kd4 Kd6 50. Kc4 Ke6
51. Kd4 {Game drawn by repetition} 1/2-1/2

[Event "ICC tourney 2133 (75 10)"]
[Site "Internet Chess Club"]
[Date "2020.11.15"]
[Round "4"]
[White "analyst1"]
[Black "Frolik67"]
[Result "1/2-1/2"]
[ICCResult "Game drawn by mutual agreement"]
[WhiteElo "2451"]
[BlackElo "2247"]
[Opening "French: Tarrasch, closed variation, main line"]
[ECO "C06"]
[NIC "FR.17"]
[Time "10:01:54"]
[TimeControl "4500+10"]

1. e4 e6 2. d4 d5 3. Nd2 Nf6 4. e5 Nfd7 5. Bd3 c5 6. c3 Nc6 7. Ne2 cxd4 8.
cxd4 f6 9. exf6 Nxf6 10. O-O e5 11. dxe5 Nxe5 12. Bb5+ Bd7 13. Nd4 Bd6 14.
Bxd7+ Qxd7 15. N2f3 O-O 16. Nxe5 Bxe5 17. Nf3 Bc7 18. Be3 Ng4 19. Re1 Rae8
20. Bd4 Rxe1+ 21. Qxe1 Rxf3 22. gxf3 Nxh2 23. Kg2 Qf7 24. Qe3 h6 25. Rc1
Qg6+ 26. Kh1 Qh5 27. Kg2 Nxf3 28. Qxf3 Qg5+ 29. Kh3 Qxc1 30. Qxd5+ Kh8 31.
Qg2 Qg5 32. Qxg5 hxg5 33. Bxa7 Kh7 34. Be3 Kg6 35. Kg4 Bd8 36. a4 Be7 37. f3
Bf6 38. b4 Bc3 39. b5 Kf6 40. Bb6 Ke6 41. a5 Kd5 42. Kxg5 Bf6+ 43. Kg6 Be5
44. Kf5 Bc3 45. f4 Bd2 46. Kg5 Ke4 47. Bc7 Kd5 48. Kg6 Kc5 49. Kxg7 Kxb5 50.
f5 Bc3+ 51. f6 Kc6 52. Bb6 Kd7 53. Kg6 Bxf6 54. Kxf6 Kc8 55. Ba7 b5 56. Ke5
Kb7 57. Bc5 b4 58. Bxb4 Ka8 59. Kd5 Ka7 60. Kc6 Ka8 61. Kb6 Kb8 62. Bd6+ Ka8
63. Kc7 Ka7 64. Bc5+ Ka8 {Game drawn by mutual agreement} 1/2-1/2

[Event "ICC tourney 2133 (75 10)"]
[Site "Internet Chess Club"]
[Date "2020.11.15"]
[Round "4"]
[White "Openyagami"]
[Black "HansNiemann"]
[Result "1-0"]
[ICCResult "Black resigns"]
[WhiteElo "2608"]
[BlackElo "2582"]
[Opening "English opening: Agincourt variation"]
[ECO "A13"]
[NIC "EO.64"]
[Time "10:01:49"]
[TimeControl "4500+10"]

1. c4 e6 2. Nf3 d5 3. e3 Nf6 4. b3 Be7 5. Bb2 O-O 6. Qc2 c5 7. a3 Nc6 8. Bd3
d4 9. exd4 Nxd4 10. Bxd4 cxd4 11. O-O b6 12. Ng5 g6 13. Re1 Nh5 14. Nf3 f5
15. Bf1 Bb7 16. Qd1 e5 17. Nxe5 Bd6 18. Nf3 Qf6 19. b4 g5 20. c5 g4 21. Qb3+
Kh8 22. Re6 Qg7 23. cxd6 gxf3 24. Re7 Qg4 25. g3 f4 26. Qd3 Rf5 27. Qxd4+
Nf6 28. d7 fxg3 29. Re8+ Kg7 30. Qxg4+ Nxg4 31. Rxa8 gxh2+ 32. Kh1 Nxf2+ 33.
Kxh2 Rh5+ 34. Kg3 Ne4+ 35. Kf4 Rh4+ 36. Ke3 {Black resigns} 1-0